 Dungeon Crawl Stone Soup version 0.24.0-13-gcf9b319 (webtiles) character file.

Game seed: 1356714183091728688, levelgen mode: deterministic

1281 Baelor the Grave Robber (level 8, -2/56 HPs)
             Began as a Mummy Necromancer on Dec 12, 2019.
             Was a Priest of Fedhas.
             Slain by Blork the orc
             ... wielding a +2 dire flail of crushing
              (11 damage)
             ... on level 6 of the Dungeon.
             The game lasted 01:03:53 (6438 turns).

Baelor the Grave Robber (Mummy Necromancer)         Turns: 6438, Time: 01:03:53

Health: -2/56      AC:  5    Str: 11    XL:     8   Next: 29%
Magic:  10/17      EV: 13    Int: 16    God:    Fedhas [***...]
Gold:   174        SH:  0    Dex: 13    Spells: 10/19 levels left

rFire    x . .     SeeInvis +   v - +3 war axe (chop)
rCold    + . .     Gourm    .   (no shield)
rNeg     + + +     Faith    .   a - +0 robe
rPois    ∞         Spirit   .   j - +1 helmet
rElec    .         Reflect  .   x - scarf {cloud immunity}
rCorr    .         Harm     .   (no gloves)
MR       +....                  G - +0 pair of boots
Stlth    ++........             (no amulet)
HPRegen  0.18/turn              C - ring of wizardry
MPRegen  0.15/turn              E - ring of see invisible

@: studying Bows
A: no food or potions, fire vulnerability, cold resistance 1, negative energy
resistance 3, torment resistance, unbreathing
a: Wall of Briars, Grow Ballistomycete, Renounce Religion


You were on level 6 of the Dungeon.
You worshipped Fedhas.
Fedhas was most pleased with you.
You were not hungry.

You visited 1 branch of the dungeon, and saw 6 of its levels.

You collected 174 gold pieces.

Inventory:

Hand Weapons
 c - a +0 dagger
 f - a +0 whip
 q - a +1 hunting sling
 s - a +0 short sword
 v - a +3 war axe of chopping (weapon)
 B - a +0 falchion
 I - a +1 flail of protection
 M - a +1 dagger of venom
 P - a +0 falchion
Missiles
 e - 86 stones (quivered)
 i - 77 bolts
 t - 30 poisoned darts
 y - 46 arrows
 J - 18 sling bullets
Armour
 a - a +0 robe (worn)
 h - a +0 leather armour
 j - a +1 helmet (worn)
 x - a scarf of cloud immunity (worn)
 G - a +0 pair of boots (worn)
 R - a +0 ring mail
Magical Staves
 N - an uncursed staff of earth
Jewellery
 w - an uncursed ring of flight
 C - a ring of wizardry (left hand)
 E - a ring of see invisible (right hand)
Wands
 z - a wand of random effects (8)
Scrolls
 b - 3 scrolls of teleportation
 l - a scroll of fog
 n - a scroll of immolation
 o - 5 scrolls of remove curse
 H - a scroll of magic mapping
 K - a scroll of noise
 O - a scroll of amnesia
Books
 L - a manual of Bows
Comestibles
 Q - a ration


   Skills:
 - Level 2.1 Fighting
 + Level 3.8(4.0) Axes
 - Level 1.8(3.0) Maces & Flails
 - Level 1.3 Slings
 + Level 3.1 Dodging
 + Level 2.3 Stealth
 + Level 6.0 Spellcasting
 * Level 6.3 Necromancy


You had 10 spell levels left.
You knew the following spells:

 Your Spells              Type           Power        Failure   Level  Hunger
a - Pain                  Necr           ####         1%          1    N/A
b - Animate Skeleton      Necr           N/A          1%          1    N/A
c - Vampiric Draining     Necr           ####......   1%          3    N/A
d - Animate Dead          Necr           N/A          4%          4    N/A

Your spell library contained the following spells:

 Spells                   Type           Power        Failure   Level  Hunger
 Regeneration             Chrm/Necr      Unusable     N/A         3    N/A

Dungeon Overview and Level Annotations

Branches:
Dungeon (6/15)             Temple (0/1) D:5

Altars:
Fedhas
Kikubaaqudgha
Sif Muna
Uskayaw
Yredelemnul

Annotations:
D:6 Blork the orc


Innate Abilities, Weirdness & Mutations

You do not eat or drink.
Your flesh is vulnerable to fire.
You are immune to poison.
Your flesh is cold resistant. (rC+)
You are immune to negative energy. (rN+++)
You are immune to unholy pain and torment.
You can survive without breathing.


Message History

* * * LOW HITPOINT WARNING * * *
Casting: Pain (safe; 1% risk of failure)
Confirm with . or Enter, or press ? or * to list all spells.
Aiming: Vampiric Draining (safe; 1% risk of failure)
Press: ? - help, Shift-Dir - straight line, f - centaur
Aim: a centaur (grey smoke)
The centaur is heavily wounded.
You feel life coursing into your body. The centaur closely misses you.
The centaur misses you.
Casting: Vampiric Draining (safe; 1% risk of failure)
Confirm with . or Enter, or press ? or * to list all spells.
Aiming: Vampiric Draining (safe; 1% risk of failure)
Press: ? - help, Shift-Dir - straight line, f/p - centaur
Aim: a centaur (grey smoke, heavily wounded)
The centaur is almost dead.
You feel life coursing into your body. The centaur hits you.
* * * LOW HITPOINT WARNING * * *
Blork the orc hits you with a +2 dire flail of crushing!
You die...
Fedhas appreciates your contribution to the ecosystem.

#......%#
#.(.# #§§§#
#§§§# #§§§#
####§§§#.#
#..§§§§#.#
#..§oc§#.#
#...@§§#.#
#......#.# #
##...###.#.#
#...###.#.#
#...'...<.#
###...###.###
#.......#.#.#
#.#.###.#)..#
#.#.#...#...#


You could see Blork the orc and a centaur.

Vanquished Creatures
  The ghost of Vinniefish the Conjurer, a novice OpWz of Vehumet (D:5)
  A black bear (D:5)
  An ogre (D:4)
  A bullfrog (D:3)
  A scorpion (D:5)
  A howler monkey (D:4)
  2 crimson imps (D:5)
  A bullfrog zombie (D:5)
  2 jellies
  4 orc priests
  A centaur skeleton (D:5)
  3 orc wizards
  5 worker ants
  A hound skeleton (D:5)
  A howler monkey zombie (D:5)
  7 adders
  A shadow imp (D:5)
  An ooze (D:2)
  2 adder skeletons (D:5)
  An adder zombie (D:5)
  2 worms (D:3)
  2 dart slugs (D:3)
  2 leopard geckos
  9 orcs
  7 bats
  4 giant cockroaches
  7 goblins
  8 hobgoblins
  7 jackals
  4 quokkas
  2 ball pythons
  5 frilled lizards
  A jackal skeleton (D:5)
  8 kobolds
  A leopard gecko skeleton (D:4)
  2 leopard gecko zombies (D:5)
  9 rats
  A spectral orc (D:3)
119 creatures vanquished.

Notes
Turn   | Place    | Note
-------+----------+-------------------------------------------
     0 | D:1      | Baelor the Mummy Necromancer began the quest for the Orb.
     0 | D:1      | Reached XP level 1. HP: 13/13 MP: 4/4
   285 | D:1      | Reached XP level 2. HP: 19/19 MP: 3/6
   288 | D:1      | Learned a level 1 spell: Animate Skeleton
   766 | D:2      | Found a faded altar of an unknown god.
   856 | D:2      | Became a worshipper of Fedhas Madash
   856 | D:2      | Reached * piety under Fedhas
  1174 | D:2      | Reached XP level 3. HP: 24/24 MP: 5/7
  1179 | D:2      | Learned a level 3 spell: Vampiric Draining
  1973 | D:3      | Reached XP level 4. HP: 15/30 MP: 2/10
  2062 | D:3      | Noticed a bullfrog
  2084 | D:3      | Killed a bullfrog
  2084 | D:3      | Reached ** piety under Fedhas
  2084 | D:3      | Reached skill level 5 in Necromancy
  2164 | D:3      | Reached XP level 5. HP: 2/36 MP: 8/12
  2436 | D:3      | Found a shimmering blue altar of Sif Muna.
  2436 | D:3      | Found a hide-covered altar of Uskayaw.
  2436 | D:3      | Found an ancient bone altar of Kikubaaqudgha.
  2797 | D:3      | Reached skill level 1 in Maces & Flails
  3513 | D:4      | Noticed an ogre
  3522 | D:4      | Killed an ogre
  3522 | D:4      | Reached skill level 1 in Fighting
  3522 | D:4      | Reached skill level 5 in Spellcasting
  3522 | D:4      | Reached XP level 6. HP: 20/43 MP: 2/13
  3681 | D:4      | Learned a level 4 spell: Animate Dead
  3996 | D:4      | Found a basalt altar of Yredelemnul.
  4728 | D:5      | Entered Level 5 of the Dungeon
  4750 | D:5      | Reached *** piety under Fedhas
  4750 | D:5      | Reached skill level 1 in Slings
  4796 | D:5      | Reached XP level 7. HP: 37/50 MP: 15/15
  4799 | D:5      | Reached skill level 1 in Axes
  5795 | D:5      | Noticed Vinniefish's ghost (novice OpWz)
  5809 | D:5      | Found a runed translucent gate.
  5809 | D:5      | Found a runed translucent gate.
  5809 | D:5      | Found a runed translucent gate.
  6032 | D:5      | Found a staircase to the Ecumenical Temple.
  6326 | D:5      | Killed Vinniefish's ghost
  6326 | D:5      | Reached XP level 8. HP: 55/56 MP: 15/17
  6425 | D:6      | Noticed Blork the orc
  6438 | D:6      | Slain by Blork the orc

Levels and vault maps discovered:
D:1:      scummos_arrival_simple_crosswalls, layout_basic
D:2:      layout_loops_cross, chequers_ecumenical_altar_simple_redux,
          minmay_misc_feat_square, minmay_tree_intersection,
          hangedman_decor_push
D:3:      minmay_razor_zed, layout_rooms, gammafunk_temple_overflow_forgotten
D:4:      layout_cave_pools, yredelemnul_forgotten_temple_becter
D:5:      layout_layer_cave, minmay_temple_entry_hall, gammafunk_ghost_split,
          first_ration, minmay_manual_mullet
D:6:      layout_basic, kennysheep_generic_room_15, uniq_edmund, uniq_menkaure,
          uniq_grinder, uniq_blork_the_orc

Skill      XL: |  1  2  3  4  5  6  7 |
---------------+----------------------+-----
Spellcasting   | 3 4 5 6 |  6.0
Necromancy     | 5 6 |  6.3
Maces & Flails | 1 |  1.8
Dodging        | 2 3 |  3.1
Fighting       | 1 2 |  2.1
Slings         | 1 |  1.3
Stealth        | 2 |  2.3
Axes           | 3 |  3.8

Action                   |  1- 3 |  4- 6 |  7- 9 || total
-------------------------+-------+-------+-------++-------
Melee: Whip              |    42 |   171 |       ||   213
       War axe           |       |    28 |   101 ||   129
 Fire: Hunting sling     |       |    42 |       ||    42
 Cast: Pain              |    73 |     4 |    13 ||    90
       Vampiric Draining |     2 |    18 |     8 ||    28
  Use: Scroll            |     4 |     9 |     2 ||    15
 Stab: Sleeping          |       |     2 |     3 ||     5
Armor: Robe              |    17 |    92 |    31 ||   140
Dodge: Dodged            |    50 |   237 |    74 ||   361
